Map: Void Training Stage 1

Players

Erfeyah

  • Race: Protoss Protoss
  • Spawn Location: 11:00

Player 2 - Winner!

  • Race: Terran Terran
  • Spawn Location: 5:00

VOD

Have the link to the VOD?

Description

Time

  • Played on: Nov. 13, 2017, 4:24 p.m.
  • Length: 5:22
Show
View Real Time Build Order
Export as new Build Order

Erfeyah Protoss 

Build Orders:  

Get SALT Encoding   

  12  0:15  Probe (Chrono Boost)  
  13  0:25  Probe (Chrono Boost)  
  14  0:36  Probe (Chrono Boost)  
  15  0:58  Pylon  
  15  1:17  Probe (Chrono Boost)  
  16  1:27  Probe (Chrono Boost)  
  17  2:00  Gateway  
  17  2:21  Gateway  
  17  2:27  Gateway  
  17  2:50  Assimilator  
  17  3:07  Nexus  
  17  3:27  Zealot  
  17  3:30  Zealot  
  17  3:31  Zealot  
  23  4:18  Zealot x3  
  29  4:46  Zealot x3  
  35  5:06  Pylon  
Show
View Real Time Build Order
Export as new Build Order

Player 2 Terran - Winner!

Build Orders: Reaper Expand 

Get SALT Encoding   

  12  0:00  SCV  
  13  0:13  SCV  
  14  0:19  Supply Depot  
  14  0:42  Barracks  
  14  1:07  Command Center  
  14  1:30  Supply Depot, Orbital Command  
  14  1:31  Marine  
  15  1:38  Refinery  
  15  1:49  Refinery  
  15  1:56  SCV  
  16  2:08  SCV  
  17  2:18  Reaper  
  17  2:20  SCV  
  17  2:22  SCV  
  20  2:32  SCV  
  20  2:36  SCV  
  22  2:44  SCV  
  22  2:50  SCV  
  24  2:57  SCV, Refinery  
  25  3:05  SCV  
  26  3:09  Marine  
  26  3:12  SCV  
  28  3:19  SCV  
  29  3:44  SCV  
  30  3:50  Refinery  
  30  3:51  SCV  
  31  3:59  SCV  
  31  4:00  Marine  
  33  4:06  SCV  
  33  4:08  Supply Depot  
  34  4:13  SCV  
  35  4:20  SCV  
  36  4:24  Barracks Tech Lab  
  36  4:28  SCV  
  37  4:35  SCV  
  38  4:42  SCV  
  38  4:44  Supply Depot  
  39  4:49  SCV  
  39  4:52  Marauder  
  42  4:56  SCV  
  43  5:03  SCV  
Tags
 
Add a new tag
Caveats
  • Supply blocks, unpowered buildings, or Contaminate may cause inaccurate times.
  • Supply counts are checked every 10 seconds.